Map: Ephemeron LE

Players

Ratl - Winner!

  • Race: Protoss Protoss
  • League: Silver
  • Spawn Location: 5:00

Malonso

  • Race: Terran Terran
  • League: Gold
  • Spawn Location: 11:00

VOD

Have the link to the VOD?

Description

Time

  • Played on: Feb. 4, 2020, 1:52 a.m.
  • Length: 5:13
Show
View Real Time Build Order
Export as new Build Order

Ratl Protoss - Winner!

Build Orders:  

Get SALT Encoding   

  12  0:01  Probe  
  13  0:13  Probe  
  14  0:18  Pylon  
  14  0:25  Probe  
  15  0:37  Probe  
  15  0:41  Gateway  
  16  0:49  Probe, Assimilator  
  17  1:01  Probe  
  18  1:11  Gateway  
  18  1:13  Probe  
  19  1:24  Assimilator  
  19  1:25  Probe (Chrono Boost)  
  19  1:32  Cybernetics Core  
  20  1:38  Probe (Chrono Boost)  
  21  1:44  Probe (Chrono Boost)  
  22  1:52  Probe  
  23  2:06  Warp Gate (Chrono Boost)  
  23  2:08  Pylon  
  23  2:13  Pylon  
  23  2:26  Probe, Stalker x2  
  27  2:38  Probe  
  28  2:50  Probe  
  29  3:02  Probe  
  30  3:08  Stalker x2  
  34  3:21  Probe  
  35  3:32  Nexus  
  35  3:33  Probe  
  36  3:41  Gateway  
  36  3:43  Forge  
  36  3:45  Probe  
  37  3:49  Robotics Facility  
  37  3:54  Stalker  
  39  4:07  Pylon  
  39  4:26  Probe  
  40  4:38  Probe  
  41  4:39  Pylon  
Show
View Real Time Build Order
Export as new Build Order

Malonso Terran 

Build Orders: Reaper Expand 

Get SALT Encoding   

  12  0:20  Supply Depot  
  12  0:26  SCV  
  13  0:38  SCV  
  14  0:48  Barracks  
  14  0:51  SCV  
  14  0:54  Refinery  
  15  1:03  SCV, Supply Depot  
  16  1:15  SCV  
  17  1:27  SCV  
  18  1:41  Reaper  
  19  1:47  Orbital Command  
  19  2:27  Factory  
  19  2:36  Command Center  
  19  2:41  Refinery  
  19  2:42  SCV  
  21  2:45  Barracks Tech Lab  
  20  2:54  SCV  
  21  3:29  SCV  
  21  3:30  Factory Tech Lab  
  22  3:41  SCV  
  22  3:46  Starport  
  23  3:51  Orbital Command  
  23  3:53  SCV  
  24  3:57  Supply Depot  
  24  4:00  Engineering Bay  
  24  4:05  SCV  
  25  4:18  SCV  
  26  4:30  Marine  
  27  4:31  Orbital Command  
  27  4:32  Siege Tank  
  31  4:48  Marine  
Tags
 
Add a new tag
Caveats
  • Supply blocks, unpowered buildings, or Contaminate may cause inaccurate times.
  • Supply counts are checked every 10 seconds.